AoeStats
← Alexspiration

Arabia

503171243Analyzed
1v1 RM · 1mo ago on Aug 30, 2026· 22m 18s· 2 players
Game mode
Random Map
Map size
Tiny (2 player)
Population
200
Speed
Normal
Resources
Standard
Victory
Conquest
Starting age
Dark Age
Ending age
Imperial Age
RankedLock teamsTeams togetherTeam positionsShared explorationLock speedFull tech treeHidden civsTurbo modeCheats
Victory
Defeat
🇩🇪 Inca · Germany
1465
+14
🇩🇪 Byzantines · Germany
1426
-14
Alexspiration
6:21 Loom
6:32 Loom
9:22 Feudal Age
10:26 Double-Bit Axe
13:23 Forging
14:30 Horse Collar
19:26 Fletching
19:51 Scale Barding Armor
AnimeEyes
6:47 Loom
8:51 Feudal Age
9:17 Champi Runner
9:43 Double-Bit Axe
9:45 Horse Collar
11:44 Arson
18:47 Scale Mail Armor
21:58 Castle Age
21:33 Fletching
21:55 Forging
22:05 Champi Warrior
23:02 Chain Mail Armor
Connection lost

Rejoining the realm…

Still unreachable

The connection could not be restored.

Session expired

The server has moved on; the page needs a fresh start.